 Dungeon Crawl Stone Soup version 0.20.2-3-g29329e0561 (webtiles) character file.

546 Alfie the Shield-Bearer (level 7, 0/61 HPs)
             Began as a Hill Orc Fighter on Sept 15, 2022.
             Slain by a human zombie (4 damage)
             ... in an ossuary.
             The game lasted 00:09:56 (2363 turns).

Alfie the Shield-Bearer (Hill Orc Fighter)          Turns: 2363, Time: 00:09:56

Health: 0/61       AC:  7    Str: 21    XL:     7   Next: 28%
Magic:  6/6        EV:  8    Int:  8    God:
Gold:   221        SH: 12    Dex: 12    Spells: 5/6 levels left

rFire    . . .     SeeInvis .   a - +0 rapier
rCold    . . .     Gourm    .   h - +2 shield
rNeg     . . .     Faith    .   b - +0 scale mail
rPois    .         Spirit   .   (no helmet)
rElec    .         Reflect  .   (no cloak)
rCorr    .         Harm     .   (no gloves)
MR       .....                  (no boots)
Stlth    ..........             (no amulet)
Regen    0.2/turn               (no ring)
MPRegen  0.1/turn               (no ring)

@: marked, flying (expiring), invisible
A: agile 1, low mp 1, mutation resistance 1
a: no special abilities


You were in an ossuary.
You were very hungry.

You visited 1 branch of the dungeon, and saw 4 of its levels.
You also visited: Ossuary.

You collected 221 gold pieces.

Inventory:

Hand Weapons
 a - a +0 rapier (weapon)
Armour
 b - a +0 scale mail (worn)
 h - a +2 shield (worn)
Wands
 c - a wand of flame (7/48)
Scrolls
 d - a scroll of amnesia {unknown}
 e - 2 scrolls of identify
 i - a scroll of fear
 p - a scroll of remove curse
Potions
 j - 2 potions of lignification
Books
 m - a book of Maledictions

   Spells                             Type                      Level
   a - Corona                         Hexes                        1
   b - Ensorcelled Hibernation        Hexes/Ice                    2
   c - Confuse                        Hexes                        3
   d - Tukima's Dance                 Hexes                        3
   e - Dazzling Spray                 Conjuration/Hexes            3
Comestibles
 f - a bread ration
 g - 2 meat rations
 s - a royal jelly


   Skills:
 + Level 5.0 Fighting
 + Level 4.6 Short Blades
 + Level 4.8 Armour
 + Level 1.0 Dodging
 + Level 0.3 Stealth
 + Level 5.4 Shields
 + Level 0.1 Spellcasting


You had 5 spell levels left.
You knew the following spells:

 Your Spells              Type           Power        Failure   Level  Hunger
a - Corona                Hex            #......      98%         1    ##.....


Dungeon Overview and Level Annotations

Branches:
Dungeon (4/15)
 Temple: D:4-7

Altars:
Fedhas
Kikubaaqudgha
Ru


Innate Abilities, Weirdness & Mutations

You are agile. (Dex +2)
Your magical capacity is low. (-10% MP)
You are somewhat resistant to further mutation.


Message History

You puncture the human zombie!
The human zombie is heavily damaged.
You block the human zombie's attack.
You barely miss the human zombie.
The human zombie is heavily damaged.
You closely miss the human zombie.
The human zombie is heavily damaged.
The human zombie hits you.
* * * LOW HITPOINT WARNING * * *
You puncture the human zombie!
The human zombie is severely damaged.
The human zombie hits you.
* * * LOW HITPOINT WARNING * * *
You barely miss the human zombie.
The human zombie is severely damaged.
The human zombie closely misses you.
It was a potion of invisibility.
You fade into invisibility!
You are starting to lose your buoyancy.
The human zombie hits you.
You die...

#....................#
#....................#
#........8..8........#
#....................#
#...######^.######...#
#...# #..# #...# #...#
#^.# #...#
#...#.####^.####.#...#
#...#.......@ZZZ.#...#
#...#.......####.#...#
#...#.......# #...#
#...#.......# #...#
#...#.....∩.# #...#
#...####+.... #...#
#...# #...# #...#
#...# #...# #...#
#...##############...#


You could see 2 hobgoblin zombies and a human zombie.

Vanquished Creatures
  Sigmund (D:3)
  A scorpion (D:3)
  A human zombie (Ossuary)
  An orc priest (D:3)
  An orc wizard (D:3)
  Terence (D:3)
  A big kobold zombie (Ossuary)
  2 mummies (Ossuary)
  4 gnolls (D:3)
  5 adders
  3 worms (D:2)
  2 dart slugs (D:3)
  5 leopard geckos
  4 orcs (D:3)
  A ball python (D:2)
  9 bats
  A giant cockroach (D:3)
  6 goblins
  10 hobgoblins
  9 kobolds
  3 quokkas
  6 frilled lizards
  3 goblin zombies (Ossuary)
  9 hobgoblin zombies (Ossuary)
  6 kobold zombies (Ossuary)
  8 orc zombies (Ossuary)
  5 rats
  A rat zombie (D:4)
109 creatures vanquished.

Notes
Turn   | Place    | Note
-------+----------+-------------------------------------------
     0 | D:1      | Alfie the Hill Orc Fighter began the quest for the Orb.
     0 | D:1      | Reached XP level 1. HP: 19/19 MP: 1/1
    64 | D:1      | Reached XP level 2. HP: 17/27 MP: 2/2
   647 | D:2      | Reached XP level 3. HP: 24/33 MP: 3/3
   816 | D:2      | Learned a level 1 spell: Corona
  1136 | D:2      | Reached XP level 4. HP: 40/40 MP: 4/4
  1451 | D:3      | Reached XP level 5. HP: 28/46 MP: 5/5
  1452 | D:3      | Gained mutation: Your magical capacity is low. (-10% MP) [potion of mutation]
  1452 | D:3      | Gained mutation: You are agile. (Dex +2) [potion of mutation]
  1452 | D:3      | Gained mutation: You are somewhat resistant to further mutation. [potion of mutation]
  1518 | D:3      | Noticed Sigmund
  1536 | D:3      | Killed Sigmund
  1536 | D:3      | Reached XP level 6. HP: 30/53 MP: 5/5
  1553 | D:3      | Found a sacrificial altar of Ru.
  1612 | D:3      | Found an ancient bone altar of Kikubaaqudgha.
  1613 | D:3      | Found a blossoming altar of Fedhas.
  1745 | D:3      | Noticed Terence
  1757 | D:3      | Killed Terence
  1757 | D:3      | Reached skill level 1 in Dodging
  1824 | D:3      | Reached skill level 5 in Shields
  1880 | D:3      | Reached XP level 7. HP: 43/60 MP: 6/6
  2136 | D:4      | Found a sand-covered staircase.
  2148 | Ossuary  | Entered an ossuary
  2350 | Ossuary  | Reached skill level 5 in Fighting
  2363 | Ossuary  | Slain by a human zombie

Skill      XL: |  1  2  3  4  5  6  7 |
---------------+----------------------+-----
Shields        | 4 5 |  5.4
Fighting       | 4 5 |  5.0
Armour         | 4 |  4.8
Short Blades   | 3 4 |  4.6
Dodging        | 1 |  1.0
Stealth        | |  0.3
Spellcasting   | |  0.1

Action                   |  1- 3 |  4- 6 |  7- 9 || total
-------------------------+-------+-------+-------++-------
Melee: Rapier            |   138 |   118 |   140 ||   396
Evoke: Wand              |       |    13 |     3 ||    16
  Use: Scroll            |     2 |     3 |     1 ||     6
       Potion            |       |     7 |     2 ||     9
  Eat: Bread ration      |     1 |       |       ||     1
Armor: Scale mail        |    58 |    34 |    27 ||   119
Dodge: Dodged            |    46 |    39 |    32 ||   117
Block: Shield            |    97 |    87 |    78 ||   262
